Map: Dusk Towers

Players

DeMusliM

  • Race: Terran Terran
  • League: Master

Miszu - Winner!

  • Race: Terran Terran
  • League: Master

VOD

Have the link to the VOD?

Description

Time

  • Played on: Feb. 2, 2016, 6:19 p.m.
  • Length: 9:41
Show
View Real Time Build Order
Export as new Build Order

DeMusliM Terran 

Build Orders: 1/1/1, MMM Bio, Widow Mine Drop 

Get SALT Encoding   

  12  0:00  SCV  
  13  0:12  SCV  
  14  0:17  Supply Depot  
  14  0:25  SCV  
  15  0:30  Refinery  
  15  0:39  SCV  
  16  0:45  Barracks  
  16  0:51  SCV  
  17  1:03  SCV  
  18  1:15  SCV  
  19  1:31  Orbital Command  
  19  1:32  Factory, Marine  
  19  1:33  Supply Depot  
  20  1:50  Marine  
  21  1:58  SCV  
  22  2:08  Marine  
  22  2:10  SCV  
  22  2:12  Supply Depot  
  22  2:13  Supply Depot  
  24  2:17  Hellion  
  24  2:22  Starport  
  26  2:26  Marine, SCV  
  28  2:38  SCV  
  28  2:41  Widow Mine  
  28  2:44  Marine  
  31  2:50  SCV  
  33  2:59  Medivac  
  33  3:02  SCV  
  36  3:05  Marine  
  36  3:10  Hellion  
  36  3:11  Command Center  
  39  3:15  SCV  
  40  3:23  Refinery  
  40  3:25  Marine  
  41  3:28  Viking  
  41  3:29  SCV  
  44  3:38  Supply Depot  
  44  3:39  Factory Tech Lab  
  44  3:41  SCV  
  45  3:52  Barracks Reactor  
  45  3:53  SCV  
  46  3:59  Engineering Bay  
  46  4:01  Supply Depot  
  46  4:05  SCV  
  46  4:14  Siege Tank  
  47  4:17  SCV  
  47  4:19  Refinery  
  48  4:28  Orbital Command  
  48  4:29  SCV  
  49  4:37  Marine, Medivac  
  49  4:38  Marine  
  50  4:41  SCV  
  51  4:51  Siege Tank  
  54  4:53  SCV x2  
  54  4:55  Marine  
  54  4:56  Marine  
  58  5:01  Supply Depot  
  58  5:05  SCV  
  58  5:06  SCV  
  60  5:17  SCV  
  60  5:18  SCV  
  62  5:21  Viking  
  62  5:22  Viking  
  62  5:24  Siege Tank  
  69  5:31  SCV x2  
  69  5:33  Barracks  
  69  5:35  Supply Depot, Barracks  
  71  5:40  Barracks Tech Lab  
  71  5:46  SCV  
  71  5:47  Barracks, SCV  
  71  5:49  Barracks  
  73  5:50  Refinery  
  73  5:56  Viking  
  75  6:00  Stimpack  
  75  6:01  Medivac  
  77  6:04  SCV x2  
  79  6:16  SCV x2  
  81  6:30  SCV  
  80  6:34  Viking x2  
  80  6:36  Barracks Tech Lab  
  80  6:37  Barracks Reactor x2  
  80  6:39  Supply Depot  
  84  6:40  Supply Depot  
  84  6:43  Marine  
  84  6:46  Barracks Reactor  
  85  6:48  Supply Depot  
  85  6:50  Supply Depot  
  83  6:58  Marine  
  86  7:01  Marauder  
  86  7:03  Terran Infantry Weapons Level 1  
  86  7:09  Viking x2  
  86  7:12  Supply Depot  
  90  7:16  Marine  
  90  7:22  Marine  
  92  7:25  Marine x2  
  86  7:30  Marine x4  
  86  7:34  Marine  
  91  7:40  Marine  
  86  7:45  Command Center  
  86  7:48  Marine x2  
  86  7:49  Marine  
  86  7:50  Marine x3  
  85  7:51  Marine  
  85  7:52  Siege Tank  
  85  7:56  Medivac x2  
  85  7:58  SCV x2  
  90  8:06  Marine  
  90  8:08  Marine x2  
  90  8:10  SCV x2, Combat Shields  
  95  8:18  Marine x3  
  98  8:26  Medivac  
  82  8:36  Marine  
  82  8:37  Marine  
  82  8:40  Marine x2  
  72  8:42  SCV x2  
  72  8:43  Marine x2  
  72  8:45  Marine x2  
  73  8:54  Marine x2  
  69  8:55  Command Center  
  69  8:57  Medivac  
  69  8:58  Marine x2  
  69  9:01  Marine x2  
  75  9:03  Marine x2  
  75  9:09  Siege Tank  
  77  9:12  Marine x2  
  77  9:15  Marine  
  77  9:16  Marine  
  80  9:19  Marine x2  
  80  9:21  Marine x2  
Show
View Real Time Build Order
Export as new Build Order

Miszu Terran - Winner!

Build Orders: MMM Bio 

Get SALT Encoding   

  12  0:01  SCV  
  13  0:13  SCV  
  14  0:17  Supply Depot  
  14  0:25  SCV  
  15  0:39  SCV  
  15  0:42  Barracks  
  16  0:44  Refinery  
  16  0:51  SCV  
  17  1:03  SCV  
  18  1:15  SCV  
  19  1:28  Orbital Command  
  19  1:29  Barracks Reactor  
  19  1:47  Command Center  
  19  1:51  Supply Depot  
  19  1:56  SCV  
  20  2:07  Marine x2  
  22  2:10  SCV  
  23  2:16  Factory  
  23  2:22  Refinery, SCV  
  23  2:28  Marine  
  23  2:29  Marine  
  25  2:34  SCV  
  26  2:46  Marine x2, SCV  
  29  2:58  SCV  
  29  3:00  Starport  
  29  3:01  Factory Tech Lab  
  29  3:02  Orbital Command  
  30  3:10  SCV  
  30  3:11  Engineering Bay  
  31  3:14  Marine  
  31  3:15  Marine  
  33  3:25  Cyclone  
  36  3:27  SCV  
  36  3:29  SCV  
  38  3:39  SCV  
  38  3:40  Viking  
  41  3:46  SCV  
  41  3:47  Supply Depot  
  42  3:51  SCV  
  43  3:57  Siege Tank  
  46  4:04  SCV  
  46  4:09  SCV  
  44  4:14  Viking  
  44  4:16  SCV  
  47  4:21  SCV  
  48  4:29  SCV  
  49  4:33  SCV  
  49  4:36  Marine x2  
  52  4:41  SCV  
  52  4:44  Barracks  
  53  4:45  SCV  
  53  4:46  Barracks  
  54  4:54  Starport Reactor  
  54  4:58  Terran Infantry Weapons Level 1  
  54  5:01  Refinery  
  54  5:02  Refinery  
  54  5:04  Supply Depot  
  54  5:12  Supply Depot  
  54  5:13  Supply Depot  
  54  5:26  SCV x2  
  58  5:31  Barracks  
  58  5:33  Siege Tank  
  58  5:34  Barracks  
  58  5:35  Barracks Tech Lab  
  59  5:37  Barracks Tech Lab  
  59  5:38  SCV x2  
  59  5:42  Marine  
  62  5:44  Marine  
  62  5:50  SCV x2  
  62  5:54  Stimpack  
  64  5:57  Supply Depot  
  64  6:00  Marine  
  64  6:01  Marauder  
  64  6:02  SCV x2  
  69  6:07  Combat Shields  
  69  6:09  Supply Depot  
  69  6:14  SCV  
  70  6:32  Medivac x2  
  72  6:36  SCV x2  
  74  6:40  Marine  
  74  6:41  Marine x2  
  74  6:43  Marine  
  74  6:44  Marine, Marauder  
  74  6:45  Siege Tank  
  84  6:58  Marine x3, SCV  
  88  7:02  Medivac x2, Marauder  
  88  7:05  Marauder  
  94  7:08  SCV  
  94  7:17  Marine  
  86  7:29  Marine x4  
  86  7:31  Marine  
  86  7:35  Supply Depot, Marine  
  86  7:37  Supply Depot, Medivac  
  79  7:47  Marine x4  
  80  7:51  Marine  
  80  7:52  Medivac, Siege Tank  
  80  7:53  Marine  
  80  7:56  Supply Depot  
  87  8:05  Marine x2, Reaper  
  90  8:07  Marine  
  90  8:09  Marine, Medivac  
  90  8:11  Marine  
  95  8:14  Supply Depot  
  95  8:23  Marine x2  
  95  8:24  Marine  
  95  8:27  Marine  
  97  8:29  Marine  
  99  8:36  Marine  
  99  8:40  Marine x2  
  92  8:42  Marine  
  92  8:44  Marine  
  92  8:46  Marine  
  92  8:54  Marine  
  93  8:55  Medivac x2  
  93  8:57  Siege Tank  
  93  8:58  Marine x2  
  93  9:00  Marine  
  93  9:02  Marine  
  103  9:04  Marine  
  105  9:12  Marine  
  105  9:16  Marine x2  
  108  9:18  Marine  
  108  9:20  Marine  
  108  9:22  Marine  
Tags
 
Composition
MMM BioMMM Bio
Matchup
TvT
Opening
1/1/1
Player
DeMusliM
Race
Terran
Add a new tag
Caveats
  • Supply blocks, unpowered buildings, or Contaminate may cause inaccurate times.
  • Supply counts are checked every 10 seconds.